 Dungeon Sprint DCSS version 0.21.1-1-g345015f (webtiles) character file.

5749 Fang the Warrior (level 10, -3/156 (160) HPs)
             Began as a Minotaur Berserker on May 24, 2018.
             Was the Champion of Trog.
             Succumbed to an ushabti's dark miasma
             ... in the Dungeon (Sprint V: "Ziggurat Sprint").
             The game lasted 00:04:07 (1415 turns).

Fang the Warrior (Minotaur Berserker)               Turns: 1415, Time: 00:04:07

HP:   -3/156 (160)  AC: 12    Str: 30    XL:     10   Next: 49%
MP:   2/9           EV: 16    Int:  4    God:    Trog [******]
Gold: 0             SH:  0    Dex: 12    Spells: 9/9 levels left

rFire    . . .     SeeInvis .   N - +3 battleaxe of Honour {distort, rC+ MR+}
rCold    + . .     Gourm    .   (shield currently unavailable)
rNeg     . . .     Faith    .   C - +3 ring mail {MR+}
rPois    .         Spirit   +   (helmet restricted)
rElec    +         Reflect  .   (no cloak)
rCorr    .         Harm     .   (no gloves)
MR       ++...     NoTele   +   D - +0 pair of boots {run}
Stlth    ..........             B - amulet of guardian spirit
HPRegen  0.00/turn              k - ring of Cuplat {+Blink +Fly rElec Dex+2}
MPRegen  0.11/turn              b - ring of Shadows {Umbra +Inv Stlth+}

@: berserking, lethally poisoned (-3 -> -65), non-regenerating, diseased,
slowed, wreathed by umbra, quick
A: retaliatory headbutt, horns 2
a: Berserk, Trog's Hand, Brothers in Arms, Burn Spellbooks, Renounce Religion,
Evoke Blink, Evoke Invisibility, Evoke Flight


You were in the Dungeon.
You worshipped Trog.
Trog was exalted by your worship.
You were not hungry.

You visited 1 branch

Inventory:

Hand Weapons
 l - a +5 demon trident
 I - a +1 antimagic war axe
 N - the +3 battleaxe of Honour (weapon) {distort, rC+ MR+}
   (You found it in the Dungeon)

   It warps and distorts space around it.
   Unwielding it can cause banishment or high damage.
   It protects you from cold.
   It affects your resistance to hostile enchantments.
Armour
 j - +5 shadow dragon scales
 C - a +3 ring mail of magic resistance (worn)
 D - a +0 pair of boots of running (worn)
Jewellery
 a - the amulet of Basefy {Harm *Drain Dex+2 Stlth+}
   (You found it in the Dungeon)

   [amulet of harm]

   It increases damage dealt and taken.
   It affects your dexterity (+2).
   It causes draining when unequipped.
   It makes you more stealthy.
 b - the ring of Shadows (right hand) {Umbra +Inv Stlth+}
   (You found it in the Dungeon)

   [ring of stealth]

   It lets you turn invisible.
   It makes you more stealthy.
 k - the ring of Cuplat (left hand) {+Blink +Fly rElec Dex+2}
   (You found it in the Dungeon)

   [ring of flight]

   It affects your dexterity (+2).
   It insulates you from electricity.
   It lets you fly.
   It lets you blink.
 A - an uncursed ring of protection from magic
 B - an amulet of guardian spirit (around neck)
 F - a +6 ring of strength
 G - an uncursed ring of flight
 J - the ring of Kucs {Wiz Str+5}
   (You found it in the Dungeon)

   [ring of wizardry]

   It improves your spell success rate.
   It affects your strength (+5).
 K - an uncursed ring of protection from fire
 L - an uncursed ring of fire
 M - a +3 ring of slaying
Wands
 x - a wand of disintegration (7)
 y - a wand of iceblast (7)
 z - a wand of acid (7)
Scrolls
 i - 4 scrolls of blinking
 m - 7 scrolls of fog
 n - a scroll of holy word
 o - 5 scrolls of identify
 p - 4 scrolls of remove curse
 q - 2 scrolls of fear
Potions
 d - 10 potions of curing
 e - 10 potions of heal wounds
 f - 6 potions of haste
 g - 7 potions of magic
 h - 3 potions of berserk rage
 r - 2 potions of brilliance
 s - 2 potions of invisibility
 t - 4 potions of resistance
 u - a potion of experience
 v - 5 potions of agility
 w - 5 potions of might
Miscellaneous
 E - a phial of floods
 H - a box of beasts
Comestibles
 c - 6 rations


   Skills:
 + Level 16.1 Fighting
 + Level 13.7(15.8) Axes
 + Level 13.6(15.8) Polearms
 + Level 13.1 Armour
 + Level 8.4 Dodging
 + Level 0.4 Stealth


You had 9 spell levels left.
You didn't know any spells.

Dungeon Overview and Level Annotations

Branches:
Dungeon (1/1)

Altars:
Ashenzari
Cheibriados
Dithmenos
Elyvilon
Fedhas
Gozag
Hepliaklqana
Kikubaaqudgha
Makhleb
Nemelex Xobeh
Okawaru
Qazlal
Ru
Sif Muna
Trog
Uskayaw
Vehumet
Wu Jian
Xom
Yredelemnul
Zin
The Shining One
Beogh
Jiyva
Lugonu

Annotations:
D 1 transporter


Innate Abilities, Weirdness & Mutations

You reflexively headbutt those who attack you in melee.
You have a pair of horns on your head.


Message History

The guardian mummy is heavily damaged.
You barely miss the ushabti.
* * * LOW HITPOINT WARNING * * *
You feel very sick. The ushabti hits you!
* * * LOW HITPOINT WARNING * * *
You slice the guardian mummy!!
Space warps horribly around the guardian mummy!
You feel the power of Trog in you as your rage grows.
You destroy the guardian mummy!
Trog accepts your kill.
You feel extremely nervous for a moment...
Pain shoots through your body!
* * * LOW HITPOINT WARNING * * *
Your ring mail prevents you from hitting the ushabti.
* * * LOW HITPOINT WARNING * * *
You feel very sick.
The ushabti shakes and rattles.
The vile air hits you!
You die...

▓.▓.....▓.▓.▓...▓.▓
▓....©....▓...©...▓
▓▓▓▓▓▓▓▓▓▓▓▓▓▓▓▓▓▓▓
▓...8©8...▓..8©8..▓
▓..:)::)..▓...[[..▓
▓...}|)...▓.......▓
▓.........▓.......▓
▓....8....▓.......▓
▓...§@....▓.......▓
▓..§......▓.......▓
▓.▓.....▓.▓.▓.).▓.▓
▓....©....▓...©...▓
▓▓▓▓▓▓▓▓▓▓▓▓▓▓▓▓▓▓▓


You could see an ushabti.

Vanquished Creatures
  A two-headed ogre (D)
  A large abomination (D)
  2 draconians (D)
  3 black mambas (D)
  A naga mage (D)
  2 guardian mummies (D)
  4 merfolk (D)
  2 trolls (D)
  2 nagas (D)
  2 hell hounds (D)
  A necrophage (D)
  An ogre (D)
  2 wights (D)
  2 quasits (D)
  3 jellies (D)
  An iron imp (D)
  3 mummies (D)
  A shadow imp (D)
  3 white imps (D)
  An ufetubus (D)
  2 bat skeletons (D)
  A giant cockroach zombie (D)
  A leopard gecko skeleton (D)
  A leopard gecko zombie (D)
  A quokka skeleton (D)
44 creatures vanquished.

Vanquished Creatures (others)
  An acid blob (D)
  4 azure jellies (D)
  6 death oozes (D)
  Erica (D)
  Urug (D)
  Joseph (D)
  Eustachio (D)
  Edmund (D)
  Duvessa (D)
  Purgy (D)
  Terence (D)
19 creatures vanquished.

Grand Total: 63 creatures vanquished

Notes
Turn   | Place    | Note
-------+----------+-------------------------------------------
     0 | D        | Found the +6 Majin-Bo {vamp, Archmagi MP+6 Int+6}
     0 | D        | Found the +7 great mace "Firestarter" {inner flame, rF++}
     0 | D        | Fang the Minotaur Berserker began the quest for the Orb.
     0 | D        | Reached XP level 1. HP: 19/19 MP: 0/0
     3 | D        | Found a blossoming altar of Fedhas.
     4 | D        | Found a viscous altar of Jiyva.
     4 | D        | Found a hazy altar of Hepliaklqana.
     4 | D        | Found a transporter.
     4 | D        | Found an opulent altar of Gozag.
     4 | D        | Found an ancient bone altar of Kikubaaqudgha.
     4 | D        | Found a corrupted altar of Lugonu.
     5 | D        | Killed Purgy
    10 | D        | Found a burning altar of Makhleb.
    11 | D        | Found a stormy altar of Qazlal.
    11 | D        | Found a sacrificial altar of Ru.
    11 | D        | Found an iron altar of Okawaru.
    11 | D        | Found a deep blue altar of Sif Muna.
    11 | D        | Found a sparkling altar of Nemelex Xobeh.
    11 | D        | Found a bloodstained altar of Trog.
    75 | D        | Entered arena 2.
    75 | D        | Noticed a draconian
    75 | D        | Noticed a draconian
    75 | D        | Found a transporter.
    86 | D        | Killed a draconian
    86 | D        | Reached skill level 10 in Fighting
    86 | D        | Reached skill level 10 in Axes
    86 | D        | Reached skill level 5 in Dodging
    86 | D        | Reached XP level 2. HP: 6/39 MP: 1/1
    86 | D        | Reached XP level 3. HP: 7/46 MP: 2/2
    86 | D        | Reached XP level 4. HP: 8/52 MP: 3/3
    86 | D        | Reached XP level 5. HP: 9/59 MP: 4/4
    86 | D        | Reached XP level 6. HP: 11/67 MP: 5/5
    87 | D        | HP: 5/100 [draconian/+2 vampiric trident (6)]
    88 | D        | HP: 1/100 [draconian/+2 vampiric trident (4)]
    89 | D        | Killed a draconian
    89 | D        | Reached skill level 11 in Fighting
    89 | D        | Reached skill level 5 in Polearms
    89 | D        | Reached XP level 7. HP: 2/75 MP: 6/6
   330 | D        | Killed a death ooze
   410 | D        | Entered arena 3.
   410 | D        | Found a transporter.
   414 | D        | Reached ** piety under Trog
   414 | D        | Reached skill level 12 in Fighting
   434 | D        | Killed Joseph
   463 | D        | Killed an azure jelly
   493 | D        | Killed a death ooze
   510 | D        | Entered arena 4.
   510 | D        | Noticed a troll
   510 | D        | Noticed a troll
   510 | D        | Noticed a two-headed ogre
   510 | D        | Killed a death ooze
   510 | D        | Found a transporter.
   511 | D        | Found the ring of Shadows {Umbra +Inv Stlth+}
   513 | D        | Killed a troll
   513 | D        | Reached XP level 8. HP: 85/85 MP: 7/7
   514 | D        | Reached *** piety under Trog
   517 | D        | Killed a troll
   517 | D        | Reached skill level 13 in Fighting
   522 | D        | Killed a two-headed ogre
   522 | D        | Reached skill level 14 in Fighting
   522 | D        | Reached skill level 10 in Armour
   540 | D        | Got the +2 helmet of the City {Int+3}
   549 | D        | Killed Edmund
   663 | D        | Killed Duvessa
   721 | D        | Killed Terence
   767 | D        | Entered arena 5.
   767 | D        | Noticed a merfolk
   767 | D        | Noticed a merfolk
   767 | D        | Noticed a merfolk
   767 | D        | Noticed a merfolk
   767 | D        | Found a transporter.
   776 | D        | Killed a merfolk
   776 | D        | Reached XP level 9. HP: 95/95 MP: 6/8
   783 | D        | Killed a merfolk
   783 | D        | Reached **** piety under Trog
   787 | D        | Killed a merfolk
   793 | D        | Killed a merfolk
   793 | D        | Reached skill level 10 in Polearms
   799 | D        | Got the amulet of Basefy {Harm *Drain Dex+2 Stlth+}
   816 | D        | Reached ***** piety under Trog
   834 | D        | Killed a death ooze
   863 | D        | Killed Urug
   914 | D        | Entered arena 6.
   914 | D        | Found a transporter.
   921 | D        | Received a gift from Trog
   933 | D        | Killed an azure jelly
   937 | D        | Killed Eustachio
   948 | D        | Killed an azure jelly
   985 | D        | Entered arena 7.
   985 | D        | Noticed a black mamba
   985 | D        | Noticed a naga mage
   985 | D        | Noticed a black mamba
   985 | D        | Noticed a black mamba
   986 | D        | Found a transporter.
   991 | D        | Killed a black mamba
   991 | D        | Reached skill level 15 in Fighting
   992 | D        | Killed a black mamba
  1000 | D        | Killed a black mamba
  1000 | D        | Reached XP level 10. HP: 105/105 MP: 7/9
  1001 | D        | Killed a naga mage
  1006 | D        | Received a gift from Trog
  1030 | D        | Identified a +0 pair of boots of running (You found it in the Dungeon)
  1048 | D        | Killed Erica
  1062 | D        | Killed an acid blob
  1275 | D        | Killed a death ooze
  1313 | D        | Entered arena 8.
  1313 | D        | Noticed a large abomination
  1315 | D        | Found a transporter.
  1324 | D        | Killed a large abomination
  1330 | D        | Received a gift from Trog
  1342 | D        | Got the ring of Cuplat {+Blink +Fly rElec Dex+2}
  1344 | D        | Got the ring of Kucs {Wiz Str+5}
  1349 | D        | Reached ****** piety under Trog
  1372 | D        | Entered arena 9.
  1373 | D        | Found a transporter.
  1377 | D        | Killed an azure jelly
  1379 | D        | Received a gift from Trog
  1386 | D        | Received a gift from Trog
  1396 | D        | Got the cursed +3 battleaxe of Honour {distort, rC+ MR+}
  1402 | D        | Entered arena 10.
  1402 | D        | Killed a death ooze
  1403 | D        | Found a transporter.
  1409 | D        | Received a gift from Trog
  1412 | D        | Reached skill level 16 in Fighting
  1414 | D        | HP: 5/156 [guardian mummy's death curse (9)]
  1414 | D        | HP: 1/156 [poisoned by an ushabti (dark miasma)]
  1415 | D        | Succumbed to an ushabti's dark miasma

Skill      XL: |  1  2  3  4  5  6  7  8  9 10 |
---------------+-------------------------------+-----
Fighting       | 10 11 12 14 15 16 | 16.1
Axes           | 10 11 12 13 | 13.7
Polearms       | 4 5 6 8 11 13 | 13.6
Armour         | 6 7 8 10 12 13 | 13.1
Dodging        | 5 6 7 8 |  8.4
Stealth        | |  0.4

Action                   |  1- 3 |  4- 6 |  7- 9 | 10-12 || total
-------------------------+-------+-------+-------+-------++-------
Melee: Demon trident     |    10 |     2 |    65 |    26 ||   103
       Headbutt          |     2 |     2 |    12 |    10 ||    26
       War axe           |       |       |       |     9 ||     9
       Battleaxe         |       |       |       |     8 ||     8
Invok: Berserk           |     1 |       |     4 |     2 ||     7
       Burn Spellbooks   |       |       |     1 |     2 ||     3
  Use: Scroll            |       |       |       |     1 ||     1
  Eat: Chunk             |       |       |     4 |       ||     4
       Ration            |       |       |       |     1 ||     1
Armor: Shadow dragon sca |     7 |       |     4 |       ||    11
       Ring mail         |       |       |    10 |    10 ||    20
Dodge: Dodged            |     1 |       |    34 |    25 ||    60
